[ AOE2 MATCH · #495983203 ]
UnrankedBengalis vs Celts
Player's team · LOSS
Rival team · WIN
[ REPLAY ANALYSIS · EXTRACTED FROM THE RECORDED GAME ]
Feudal
12:33
Castle
20:42
Imperial
50:08
| APM avg | 58.5 |
| APM peak | 161 |
| eAPM avg | 28.3 |
| Villagers / military | 163 / 185 |
Focus
⚔️ 40.8% · 🌾 59.2%
Battle Elephant ×62 · Skirmisher ×49 · Elephant Archer ×44 · Archer ×28 · Mangonel ×1 · Trebuchet (Packed) ×1
Feudal
9:34
Castle
19:34
Imperial
36:12
| APM avg | 48.2 |
| APM peak | 98 |
| eAPM avg | 29.4 |
| Villagers / military | 211 / 247 |
Focus
⚔️ 45.4% · 🌾 54.6%
Skirmisher ×89 · Woad Raider ×64 · Archer ×47 · Spearman ×27 · Trebuchet (Packed) ×9 · Monk ×3
Match map
Initial resources + every placement click. Lines = walls · curves = elevation contours. ◆ gold · ⬟ stone · ● berries · ✦ relic · ◌ wall gap
Your base· Open — 3t gap
[KO19] Tony's base· Open — unwalled flank
Smoothed initial terrain · ◌ = detected wall gap · hover for details
Inputs per minute
— dehinker - - [KO19] Tony
Build order — dehinker
First 150 of 493 actions detected
| 0:00 | Queue | Villager (Male) |
| 0:00 | Queue | Villager (Male) |
| 0:02 | Build | House |
| 0:02 | Build | House |
| 0:15 | Queue | Villager (Male) |
| 0:17 | Queue | Villager (Male) |
| 1:13 | Queue | Villager (Male) |
| 1:50 | Build | Lumber Camp |
| 2:02 | Queue | Villager (Male) |
| 2:14 | Queue | Villager (Male) |
| 2:29 | Queue | Villager (Male) |
| 2:59 | Queue | Villager (Male) |
| 3:34 | Queue | Villager (Male) |
| 3:54 | Build | House |
| 3:56 | Build | House |
| 4:04 | Queue | Villager (Male) |
| 4:07 | Queue | Villager (Male) |
| 4:29 | Queue | Villager (Male) |
| 4:45 | Queue | Villager (Male) |
| 5:19 | Queue | Villager (Male) |
| 5:25 | Build | Barracks |
| 6:10 | Queue | Villager (Male) |
| 6:45 | Research | Loom |
| 7:03 | Build | Mining Camp |
| 7:13 | Queue | Villager (Male) |
| 7:28 | Build | Mill |
| 7:45 | Queue | Villager (Male) |
| 8:12 | Queue | Villager (Male) |
| 8:17 | Build | House |
| 8:18 | Build | Palisade Wall |
| 8:25 | Build | Farm |
| 8:30 | Build | Farm |
| 8:34 | Queue | Villager (Male) |
| 8:48 | Build | House |
| 8:53 | Queue | Villager (Male) |
| 8:59 | Build | Farm |
| 9:04 | Build | House |
| 9:06 | Build | House |
| 9:24 | Queue | Villager (Male) |
| 9:26 | Build | Farm |
| 9:33 | Build | Palisade Wall |
| 9:52 | Build | Mill |
| 9:54 | Queue | Villager (Male) |
| 10:03 | Build | Palisade Wall |
| 10:23 | Research | Feudal Age |
| 10:40 | Build | Farm |
| 10:42 | Build | Farm |
| 11:11 | Build | Palisade Gate |
| 11:15 | Build | Palisade Gate |
| 11:27 | Build | Palisade Wall |
| 11:39 | Queue | Villager (Male) |
| 12:33 | Age | Feudal Age |
| 12:41 | Build | Archery Range |
| 12:44 | Build | Archery Range |
| 12:45 | Build | Watch Tower |
| 12:48 | Build | Archery Range |
| 12:51 | Queue | Villager (Male) |
| 13:17 | Queue | Villager (Male) |
| 13:34 | Queue | Villager (Male) |
| 13:44 | Research | Double-Bit Axe |
| 13:44 | Research | Double-Bit Axe |
| 13:45 | Queue | Archer |
| 13:45 | Queue | Archer |
| 13:55 | Queue | Villager (Male) |
| 14:15 | Queue | Villager (Male) |
| 14:40 | Build | Blacksmith |
| 14:43 | Queue | Archer |
| 14:44 | Queue | Archer |
| 15:02 | Queue | Archer |
| 15:05 | Queue | Villager (Male) |
| 15:14 | Build | House |
| 15:15 | Queue | Archer |
| 15:18 | Queue | Villager (Male) |
| 15:20 | Research | Fletching |
| 15:22 | Build | House |
| 15:27 | Research | Wheelbarrow |
| 15:53 | Build | Mining Camp |
| 15:57 | Queue | Villager (Male) |
| 15:58 | Queue | Archer |
| 15:58 | Queue | Archer |
| 16:00 | Queue | Archer |
| 16:04 | Queue | Archer |
| 16:10 | Queue | Archer |
| 16:11 | Queue | Archer |
| 16:32 | Build | Market |
| 16:40 | Build | Farm |
| 16:53 | Queue | Villager (Male) |
| 16:55 | Queue | Archer |
| 17:12 | Build | Farm |
| 17:37 | Build | Archery Range |
| 17:42 | Build | Stable |
| 18:02 | Research | Castle Age |
| 18:20 | Queue | Archer |
| 18:20 | Queue | Archer |
| 18:29 | Research | Horse Collar |
| 18:29 | Research | Horse Collar |
| 18:35 | Build | Farm |
| 18:35 | Build | Farm |
| 18:39 | Queue | Archer |
| 18:39 | Queue | Archer |
| 19:06 | Queue | Archer |
| 19:06 | Queue | Archer |
| 19:06 | Queue | Archer |
| 19:08 | Research | Padded Archer Armor |
| 19:20 | Queue | Archer |
| 19:20 | Queue | Archer |
| 19:29 | Build | House |
| 19:31 | Build | House |
| 19:53 | Research | Gold Mining |
| 19:53 | Research | Gold Mining |
| 20:00 | Queue | Archer |
| 20:00 | Queue | Archer |
| 20:00 | Queue | Archer |
| 20:08 | Queue | Archer |
| 20:34 | Queue | Archer |
| 20:34 | Queue | Archer |
| 20:42 | Age | Castle Age |
| 20:45 | Research | Crossbowman (upgrade) |
| 21:07 | Research | Bodkin Arrow |
| 21:07 | Research | Bodkin Arrow |
| 21:20 | Build | Farm |
| 21:34 | Queue | Elephant Archer |
| 21:35 | Queue | Elephant Archer |
| 22:03 | Queue | Elephant Archer |
| 22:37 | Queue | Elephant Archer |
| 22:40 | Build | Town Center |
| 23:02 | Queue | Battle Elephant |
| 23:02 | Queue | Battle Elephant |
| 23:08 | Queue | Elephant Archer ×2 |
| 23:13 | Queue | Villager (Male) |
| 23:50 | Queue | Battle Elephant |
| 23:55 | Queue | Villager (Male) |
| 24:02 | Queue | Elephant Archer ×2 |
| 24:02 | Queue | Elephant Archer ×2 |
| 24:25 | Queue | Villager (Male) |
| 24:39 | Queue | Villager (Male) |
| 24:57 | Queue | Elephant Archer |
| 24:57 | Queue | Elephant Archer |
| 25:02 | Build | Farm |
| 25:02 | Build | Farm |
| 25:02 | Build | Farm |
| 25:02 | Build | Farm |
| 25:03 | Build | Farm |
| 25:03 | Build | Farm |
| 25:03 | Build | Farm |
| 25:36 | Research | Bloodlines |
| 25:36 | Research | Bloodlines |
| 25:44 | Queue | Elephant Archer |
| 25:54 | Queue | Villager (Male) |
| 26:14 | Queue | Elephant Archer |
Build order — [KO19] Tony
First 150 of 698 actions detected
| 0:01 | Queue | Villager (Male) |
| 0:02 | Build | House |
| 0:03 | Build | House |
| 0:09 | Queue | Villager (Male) |
| 0:09 | Queue | Villager (Male) |
| 0:10 | Queue | Villager (Male) |
| 0:10 | Queue | Villager (Male) |
| 1:33 | Queue | Villager (Male) |
| 1:52 | Queue | Villager (Male) |
| 2:10 | Build | Lumber Camp |
| 2:12 | Queue | Villager (Male) |
| 2:28 | Queue | Villager (Male) |
| 2:28 | Queue | Villager (Male) |
| 2:53 | Queue | Villager (Male) |
| 3:26 | Queue | Villager (Male) |
| 3:26 | Queue | Villager (Male) |
| 3:59 | Build | House |
| 4:04 | Queue | Villager (Male) |
| 4:24 | Queue | Villager (Male) |
| 5:08 | Queue | Villager (Male) |
| 5:08 | Queue | Villager (Male) |
| 5:25 | Build | Mill |
| 5:38 | Queue | Villager (Male) |
| 6:11 | Build | Barracks |
| 6:16 | Queue | Villager (Male) |
| 6:16 | Queue | Villager (Male) |
| 6:24 | Queue | Villager (Male) |
| 6:50 | Research | Loom |
| 6:57 | Build | House |
| 6:58 | Build | Palisade Gate |
| 7:24 | Research | Feudal Age |
| 7:50 | Build | Mining Camp |
| 7:54 | Queue | Militia |
| 8:10 | Build | Mill |
| 8:14 | Queue | Militia |
| 8:43 | Queue | Militia |
| 9:14 | Queue | Villager (Male) |
| 9:34 | Age | Feudal Age |
| 9:37 | Build | House |
| 9:39 | Build | Archery Range |
| 9:39 | Research | Man-at-Arms (upgrade) |
| 9:51 | Research | Double-Bit Axe |
| 9:53 | Queue | Villager (Male) |
| 10:22 | Queue | Villager (Male) |
| 10:26 | Build | House |
| 10:34 | Queue | Archer |
| 10:42 | Build | House |
| 10:43 | Build | Palisade Wall |
| 10:50 | Build | Palisade Wall |
| 10:58 | Queue | Villager (Male) |
| 11:08 | Build | Farm |
| 11:18 | Queue | Villager (Male) |
| 11:34 | Queue | Archer |
| 11:38 | Build | Farm |
| 11:40 | Build | Farm |
| 11:41 | Build | Farm |
| 11:45 | Queue | Archer |
| 11:55 | Queue | Villager (Male) |
| 11:57 | Build | Farm |
| 12:15 | Queue | Archer |
| 12:44 | Queue | Villager (Male) |
| 12:47 | Queue | Villager (Male) |
| 12:48 | Queue | Archer |
| 12:49 | Queue | Villager (Male) |
| 13:12 | Queue | Villager (Male) |
| 13:22 | Queue | Villager (Male) |
| 13:24 | Build | House |
| 13:26 | Build | Palisade Wall |
| 13:33 | Build | Farm |
| 13:35 | Queue | Villager (Male) |
| 13:37 | Build | Farm |
| 13:39 | Queue | Archer |
| 13:48 | Build | House |
| 14:02 | Queue | Villager (Male) |
| 14:06 | Build | Farm |
| 14:23 | Queue | Villager (Male) |
| 14:36 | Queue | Villager (Male) |
| 14:40 | Queue | Archer |
| 14:42 | Build | Farm |
| 14:44 | Build | Farm |
| 14:58 | Queue | Archer |
| 15:01 | Build | Farm |
| 15:19 | Queue | Villager (Male) |
| 15:25 | Queue | Archer |
| 15:31 | Build | Farm |
| 15:31 | Build | Farm |
| 15:57 | Queue | Villager (Male) |
| 16:03 | Build | Blacksmith |
| 16:51 | Build | Archery Range |
| 16:52 | Research | Castle Age |
| 17:03 | Build | House |
| 17:12 | Research | Fletching |
| 17:29 | Queue | Archer |
| 17:32 | Build | House |
| 17:36 | Queue | Villager (Male) |
| 18:21 | Queue | Archer |
| 18:22 | Queue | Archer |
| 18:34 | Build | Palisade Gate |
| 18:45 | Build | Palisade Wall |
| 18:52 | Queue | Archer |
| 19:26 | Queue | Archer |
| 19:34 | Age | Castle Age |
| 19:40 | Research | Crossbowman (upgrade) |
| 19:55 | Build | Town Center |
| 20:08 | Queue | Villager (Male) |
| 20:14 | Queue | Villager (Male) |
| 20:16 | Research | Bow Saw |
| 20:21 | Research | Bodkin Arrow |
| 20:23 | Queue | Villager (Male) |
| 20:24 | Queue | Archer |
| 20:28 | Queue | Villager (Male) |
| 20:43 | Queue | Villager (Male) |
| 20:47 | Queue | Archer |
| 21:06 | Build | Siege Workshop |
| 21:10 | Queue | Villager (Male) |
| 21:11 | Queue | Archer |
| 21:35 | Queue | Villager (Male) |
| 21:40 | Queue | Archer |
| 21:49 | Queue | Archer |
| 21:49 | Queue | Archer |
| 22:00 | Queue | Scorpion |
| 22:02 | Build | House |
| 22:09 | Queue | Villager (Male) |
| 22:09 | Queue | Villager (Male) |
| 22:10 | Queue | Archer |
| 22:14 | Build | Market |
| 22:31 | Queue | Villager (Male) |
| 22:38 | Queue | Archer |
| 22:38 | Queue | Archer |
| 22:51 | Build | University |
| 22:51 | Queue | Villager (Male) |
| 22:55 | Build | Farm |
| 22:56 | Build | Farm |
| 22:56 | Build | Farm |
| 22:58 | Queue | Archer |
| 23:06 | Queue | Villager (Male) |
| 23:07 | Queue | Archer |
| 23:07 | Queue | Archer |
| 23:11 | Build | Town Center |
| 23:16 | Queue | Archer |
| 23:29 | Queue | Villager (Male) |
| 23:37 | Queue | Archer |
| 23:53 | Queue | Villager (Male) |
| 24:02 | Queue | Villager (Male) |
| 24:10 | Research | Ballistics |
| 24:11 | Queue | Villager (Male) |
| 24:27 | Build | Farm |
| 24:27 | Build | Farm |
| 24:28 | Build | Farm |
| 24:28 | Build | Farm |
Match timeline
| 5:25 | dehinker · first_building Barracks |
| 6:11 | [KO19] Tony · first_building Barracks |
| 8:18 | dehinker · wall_segment Palisade Wall x1 |
| 9:33 | dehinker · wall_segment Palisade Wall x2 |
| 9:34 | [KO19] Tony · age_up feudal |
| 9:39 | [KO19] Tony · first_building Archery Range |
| 10:03 | dehinker · wall_segment Palisade Wall x4 |
| 10:43 | [KO19] Tony · wall_segment Palisade Wall x1 |
| 10:50 | [KO19] Tony · wall_segment Palisade Wall x8 |
| 11:27 | dehinker · wall_segment Palisade Wall x1 |
| 12:33 | dehinker · age_up feudal |
| 12:41 | dehinker · first_building Archery Range |
| 13:26 | [KO19] Tony · wall_segment Palisade Wall x8 |
| 17:16 | dehinker · first_market_buy 100 food |
| 17:42 | dehinker · first_building Stable |
| 17:54 | dehinker · first_market_sell 100 wood |
| 18:45 | [KO19] Tony · wall_segment Palisade Wall x9 |
| 19:34 | [KO19] Tony · age_up castle |
| 20:42 | dehinker · age_up castle |
| 21:06 | [KO19] Tony · first_building Siege Workshop |
| 28:04 | dehinker · first_building Siege Workshop |
| 28:45 | dehinker · first_building Castle |
| 30:27 | [KO19] Tony · first_building Castle |
| 31:41 | [KO19] Tony · first_market_sell 500 stone |
| 31:44 | [KO19] Tony · first_market_buy 100 food |
| 36:12 | [KO19] Tony · age_up imperial |
| 39:08 | dehinker · first_building Monastery |
| 39:39 | dehinker · wall_segment Palisade Wall x1 |
| 39:40 | dehinker · wall_segment Palisade Wall x1 |
| 39:54 | dehinker · wall_segment Stone Wall x1 |
| 42:59 | [KO19] Tony · first_building Monastery |
| 50:08 | dehinker · age_up imperial |
| 54:49 | dehinker · resign |
[ AI ANALYSIS · 1 CREDIT ]
What really happened in this match?
Wolo.gg analyzes every decision: build order, eco, micro, common mistakes by bracket. Personalized analysis on WhatsApp or Discord in 30 seconds.
Civ guide
Bengalis
Perfil
Jugador #2533954